 Dungeon Crawl Stone Soup version 0.30-a0-913-g9934a0ce24 (webtiles) character file.

Game seed: 18155747935481769638

119 bobarctor the Grave Robber (level 4, -7/24 HPs)
             Began as a Deep Elf Necromancer on Mar 19, 2023.
             Killed from afar by an orc wizard (9 damage)
             ... with a puff of flame
             ... on level 4 of the Dungeon.
             The game lasted 00:11:56 (3101 turns).

bobarctor the Grave Robber (Deep Elf Necromancer)   Turns: 3101, Time: 00:11:57

Health: -7/24      AC:  6    Str:  5    XL:     4   Next: 73%
Magic:  12/13      EV: 13    Int: 22    God:
Gold:   222        SH:  0    Dex: 15    Spells: 10/14 levels left

rFire   . . .      SeeInvis .    t - +0 whip (venom)
rCold   . . .      Faith    .    (no shield)
rNeg    . . .      Spirit   .    a - +0 robe
rPois   .          Reflect  .    f - +0 helmet
rElec   .          Rampage  .    m - +0 cloak
rCorr   .                        l - +1 pair of gloves
Will    .....                    (no boots)
Stlth   +                        (no amulet)
HPRegen 0.24/turn                (no ring)
MPRegen 0.13/turn                (no ring)

@: confused
A: no striking features
a: no special abilities


You were on level 4 of the Dungeon.
You visited 1 branch of the dungeon, and saw 4 of its levels.

You collected 222 gold pieces.

Inventory:

Hand Weapons
 o - a +0 short sword
 p - a +0 dagger
 t - a +0 whip of venom (weapon)
Missiles
 c - 3 poisoned darts
 s - 3 javelins
Armour
 a - a +0 robe (worn)
 f - a +0 helmet (worn)
 l - a +1 pair of gloves (worn)
 m - a +0 cloak (worn)
Scrolls
 e - 7 scrolls of teleportation {unknown}
 i - a scroll of immolation {unknown}
 k - 2 scrolls of identify {unknown}
 q - 3 scrolls of enchant armour {unknown}
 v - a scroll of magic mapping {unknown}
Potions
 b - a potion of magic
 d - a potion of brilliance {unknown}
 g - a potion of ambrosia {unknown}
 h - 2 potions of might {unknown}
 j - a potion of mutation {unknown}
 n - 2 potions of haste {unknown}
 r - a potion of heal wounds {unknown}
 u - a potion of curing {unknown}


   Skills:
 + Level 2.7 Dodging
 + Level 2.8 Stealth
 * Level 5.5 Spellcasting
 + Level 5.7 Necromancy


You had 10 spell levels left.
You knew the following spells:

 Your Spells              Type           Power      Damage    Failure   Level
a - Necrotise             Necr           100%       1d9       1%          1
b - Vampiric Draining     Necr           31%        2d8       2%          3

Your spell library contained the following spells:

 Spells                   Type           Power      Damage    Failure   Level
 Animate Dead             Necr           31%        N/A       9%          4
 Agony                    Necr           31%        N/A       26%         5


Dungeon Overview and Level Annotations

Branches:
Dungeon (4/15)
 Temple: D:4-7

Altars:
Wu Jian
Yredelemnul
The Shining One

Annotations:
D:3 3 runed translucent doors, cforsyth's ghost, amateur HuWn


Message History

The adder writhes in agony.
The adder misses you.
Unknown command.
Casting: Necrotise (safe; 1% risk of failure)
Confirm with . or Enter, or press ? or * to list all spells.
Aiming: Necrotise (safe; 1% risk of failure)
Press: ? - help, Shift-Dir - straight line, f/p - adder
Aim: an adder (almost dead, extremely poisoned, chance to affect: 88%)
The adder writhes in agony!
You kill the adder!
The dead are slithering!
Something hits you but does no damage. Something hits you. Something hits you.
Your adder skeleton misses something.
Your adder skeleton bites something.
Something hits you but does no damage.
Your adder skeleton bites something.
A magic dart appears from out of thin air!
The magic dart hits you.
Your adder skeleton completely misses something.
You hear some strange, mumbled words.
You are confused.
Something barely misses you.
You hear some strange, mumbled words.
A puff of flame appears from out of thin air!
The puff of flame hits you.
Your adder skeleton closely misses something.
A magic dart appears from out of thin air!
The magic dart hits you.
An orc wizard comes into view. It is wielding a +0 dagger.
The orc wizard shouts!
You hear a shout!
Your adder skeleton barely misses something.
An orc comes into view.
It is wielding a +1 falchion of flaming.
You are more confused.
A magic dart appears from out of thin air!
The magic dart hits you!
* * * LOW HITPOINT WARNING * * *
You're too confused to move!
An orc comes into view.
It is wielding a +0 hand axe and wearing a +1 ring mail of poison resistance.
A puff of flame appears from out of thin air!
The puff of flame hits you!
You die...

#.............# ..[......##..
#.....<.....#####........5..#..
#............#........##.<.....
##.........#...#... #......##..
##...###..#..$......#..##.###.
#.......##....##..#... ... #.
....##...##........#.. .....#.
###.. ##..#.....##.##..........
### #..{...@..o.##..........
###.Z......)oo..##......
#.............. #......
#.............. ....#..
##.......#..... .#####.
##....###..... ## .......# ...#
# #.......# ...# ##.##..... ###


You could see an orc wizard, 2 orcs and a friendly adder skeleton.

Vanquished Creatures
  4 adders
  A shadow imp (D:4)
  4 worms
  5 orcs
  5 endoplasms (D:2)
  4 giant cockroaches
  4 hobgoblins
  2 jackals (D:1)
  3 quokkas
  4 ball pythons
  5 bats
  2 frilled lizards (D:2)
  6 goblins
  3 kobolds
  A rat (D:2)
53 creatures vanquished.

Vanquished Creatures (collateral kills)
  A giant cockroach (D:2)
  A ball python (D:2)
2 creatures vanquished.

Vanquished Creatures (others)
  A demonic plant (D:4)
  A fungus (D:3)
  3 plants (D:3)
5 creatures vanquished.

Grand Total: 60 creatures vanquished

Notes
Turn   | Place    | Note
-------+----------+-------------------------------------------
     0 | D:1      | bobarctor the Deep Elf Necromancer began the quest for the
                  | Orb.
     0 | D:1      | Reached XP level 1. HP: 10/10 MP: 6/6
   126 | D:1      | Reached skill level 5 in Necromancy
   322 | D:1      | Reached XP level 2. HP: 15/15 MP: 4/8
   971 | D:2      | Found an ornate altar of the Wu Jian Council.
   983 | D:2      | Reached XP level 3. HP: 19/19 MP: 6/10
  1048 | D:2      | Learned a level 3 spell: Vampiric Draining
  1205 | D:2      | You fall into a shaft and drop 1 floor!
  1319 | D:3      | Found a glowing golden altar of the Shining One.
  1668 | D:2      | Reached XP level 4. HP: 24/24 MP: 8/12
  1723 | D:2      | Reached skill level 5 in Spellcasting
  2076 | D:3      | Found a runed translucent gate.
  2077 | D:3      | Found a runed translucent gate.
  2079 | D:3      | Found a runed translucent gate.
  2083 | D:3      | Noticed cforsyth's ghost (amateur HuWn)
  2085 | D:3      | Noticed a kobold brigand
  2209 | D:3      | Found a basalt altar of Yredelemnul.
  2211 | D:3      | Noticed a profane servitor
  2813 | D:3      | Noticed an angel
  3101 | D:4      | Killed from afar by an orc wizard

Illustrated notes

Levels and vault maps discovered:
D:1:      minmay_arrival_stair_chambers, layout_loops_ring
D:2:      layout_rooms, basic_altar, grunt_ministairs_5, minmay_bisected
D:3:      layout_basic, grunt_temple_overflow_holy_war,
          gammafunk_ghost_nasty_kobolds
D:4:      layout_cave_pools, mainiacjoe_overflow_chevrons, lemuel_round_altar,
          serial_demonic, serial_demonic_d, serial_demonic_a, serial_demonic_f,
          serial_demonic_b

Skill      XL: |  1  2  3  4 |
---------------+-------------+-----
Necromancy     | 5 |  5.7
Spellcasting   | 4 5 |  5.5
Dodging        | |  2.7
Stealth        | |  2.8

Action                     |  1- 3 |  4- 6 || total
---------------------------+-------+-------++-------
  Melee: Dagger            |     2 |       ||     2
         Whip              |       |    84 ||    84
   Cast: Necrotise         |    66 |     5 ||    71
         Vampiric Draining |       |     3 ||     3
   Stab: Sleeping          |       |     2 ||     2
 Armour: Robe              |     2 |    34 ||    36
  Dodge: Dodged            |     8 |    59 ||    67

Table legend: (Time is in decaauts)
 A = Elapsed time spent in this place.
 B = Non-inter-level travel time spent in this place.
 C = Inter-level travel time spent in this place.
 D = Time resting spent in this place.
 E = Time spent auto-exploring this place.
 F = Levels seen in this place.
 G = Mean time per level.
                   A        B        C        D        E       F      G
               +--------+--------+--------+--------+--------+-----+--------+
         Total |   3107 |   2973 |    134 |    290 |   2151 |   4 |  776.8 |
       Dungeon |   3107 |   2973 |    134 |    290 |   2151 |   4 |  776.8 |
               +--------+--------+--------+--------+--------+-----+--------+

Top non-repeatable levels by time:
     D:3: 1066 daAuts
     D:2: 1030 daAuts
     D:1: 801 daAuts
     D:4: 210 daAuts
